 Dungeon Crawl Stone Soup version 0.30-a0-374-g95c0257040 (webtiles) character file.

Game seed: 9146919711322661460

21027 gruber the Devastator (level 12, 0/68 HPs)
             Began as a Tengu Conjurer on Nov 26, 2022.
             Was an Elder of Vehumet.
             Slain by a black mamba (3 damage)
             ... on level 3 of the Lair of Beasts on Nov 27, 2022.
             The game lasted 00:40:07 (17895 turns).

gruber the Devastator (Tengu Conjurer)             Turns: 17895, Time: 00:40:09

Health: 0/68       AC: 15    Str: 14    XL:     12   Next: 85%
Magic:  7/23       EV: 18    Int: 24    God:    Vehumet [****..]
Gold:   648        SH:  6    Dex: 18    Spells: 6/25 levels left

rFire   . . .      SeeInvis .    D - +1 rapier (elec)
rCold   . . .      Faith    .    P - +0 buckler
rNeg    . . .      Spirit   .    a - +3 ring mail
rPois   .          Reflect  .    k - +2 hat
rElec   .          Harm     .    j - +1 cloak
rCorr   .          Rampage  .    w - +0 pair of gloves
Will    .....                    (boots unavailable)
Stlth   +++.......               (no amulet)
HPRegen 0.31/turn                A - +6 ring of strength
MPRegen 0.18/turn                R - +6 ring of dexterity

@: mighty, flying quickly and evasively, quick
A: beak, talons 3, nimble flight
a: Renounce Religion


You were on level 3 of the Lair of Beasts.
You worshipped Vehumet.
Vehumet was greatly pleased with you.
You visited 3 branches of the dungeon, and saw 14 of its levels.
You also visited: Ossuary and Bailey.

You collected 852 gold pieces.
You spent 204 gold pieces at shops.

Inventory:

Hand Weapons
 D - a +1 rapier of electrocution (weapon)
 N - a +2 triple crossbow of flaming
 O - a +4 vorpal bardiche
Missiles
 n - 4 curare-tipped darts
Armour
 a - a +3 ring mail (worn)
 j - a +1 cloak (worn)
 k - a +2 hat (worn)
 w - a +0 pair of gloves (worn)
 P - a +0 buckler (worn)
Jewellery
 t - an amulet of faith
 A - a +6 ring of strength (left hand)
 R - a +6 ring of dexterity (right hand)
Wands
 v - a wand of roots (17)
 x - a wand of paralysis (9)
 K - a wand of polymorph (20)
 L - a wand of flame (21)
Scrolls
 c - 6 scrolls of fog {unknown}
 e - 10 scrolls of teleportation {unknown}
 f - 2 scrolls of identify
 l - 5 scrolls of poison {unknown}
 o - 3 scrolls of enchant weapon {unknown}
 p - 2 scrolls of blinking
 r - a scroll of magic mapping
 y - 2 scrolls of fear
 B - 2 scrolls of amnesia
 E - 5 scrolls of enchant armour
 F - a scroll of torment
 G - 3 scrolls of vulnerability
 H - a scroll of immolation
 I - a scroll of summoning
 Q - 2 scrolls of brand weapon
Potions
 b - a potion of magic
 d - a potion of might
 g - a potion of haste
 h - 2 potions of brilliance
 i - 2 potions of mutation
 m - 4 potions of flight {unknown}
 q - 7 potions of curing {unknown}
 s - 7 potions of heal wounds {unknown}
 u - 2 potions of berserk rage
 z - a potion of lignification
 C - 5 potions of resistance {unknown}
 M - 2 potions of invisibility {unknown}


   Skills:
 - Level 5.0 Fighting
 - Level 4.0 Short Blades
 - Level 6.3 Armour
 * Level 9.6 Dodging
 - Level 5.3 Stealth
 - Level 5.3 Shields
 - Level 7.0 Spellcasting
 - Level 15.0 Conjurations
 - Level 2.6 Ice Magic
 - Level 10.2 Air Magic


You had 6 spell levels left.
You knew the following spells:

 Your Spells              Type           Power      Damage    Failure   Level
a - Magic Dart            Conj           100%       1d8       1%          1
b - Searing Ray           Conj           100%       2d8       1%          2
c - Iskenderun's Mystic   Conj/Tloc      44%        2d10      2%          4
d - Frozen Ramparts       Ice            42%        1d7       4%          3
e - Mephitic Cloud        Conj/Pois/Air  48%        N/A       1%          3
f - Conjure Ball Lightni  Conj/Air       31%        3x3d10    4%          6

Your spell library contained the following spells:

 Spells                   Type           Power      Damage    Failure   Level
 Kindle Blastsparks       Fire/Tloc/Air  48%        2d14      3%          3
 Poisonous Vapours        Pois/Air       66%        N/A       1%          2
 Dazzling Flash           Conj/Hex       88%        N/A       1%          3
 Iskenderun's Battlesphe  Conj           69%        2d12      1%          5
 Fulminant Prism          Conj/Hex       22%        3d12      2%          4
 Cigotuvi's Dreadful Rot  Necr/Pois/Air  48%        N/A       6%          2
 Fireball                 Conj/Fire      22%        3d10      6%          5
 Gell's Gravitas          Tloc           8%         N/A       45%         3
 Teleport Other           Tloc           8%         N/A       45%         3
 Ice Form                 Ice/Tmut       14%        N/A       69%         4
 Summon Ice Beast         Ice/Summ       14%        N/A       69%         4
 Petrify                  Tmut/Erth      8%         N/A       86%         4
 Metabolic Englaciation   Hex/Ice        7%         N/A       95%         5
 Dispersal                Tloc           4%         N/A       100%        6
 Statue Form              Tmut/Erth      5%         N/A       100%        6
 Orb of Destruction       Conj           34%        9d10      9%          7


Dungeon Overview and Level Annotations

Branches:
Dungeon (10/15)            Temple (1/1) D:4            Lair (3/5) D:8
Ossuary (visited)          Bailey (visited)
  Swamp: Lair:2-3    Shoals: Lair:2-3     Snake: Lair:2-3    Spider: Lair:2-3
    Orc: D:9-12

Altars:
Ashenzari
Cheibriados
Dithmenos
Elyvilon
Fedhas
Gozag
Hepliaklqana
Kikubaaqudgha
Makhleb
Nemelex Xobeh
Okawaru
Qazlal
Ru
Sif Muna
Trog
Uskayaw
Vehumet
Wu Jian
Xom
Yredelemnul
Zin
The Shining One

Shops:
D:4 ((?[

Annotations:
D:9 2 transporters
Lair:2 2 transporters, exclusion: oklob plant, kae's ghost, novice DrTm


Innate Abilities, Weirdness & Mutations

You have a beak for a mouth.
You have claws for feet.
Your magical nature lets you fly swiftly and evasively.


Message History

* * * LOW HITPOINT WARNING * * *
The wall freezes the black mamba but does no damage.
The black mamba bites you but does no damage.
Unknown command.
Unknown command.
Unknown command.
Casting: Frozen Ramparts (dangerous; 4% risk of failure)
Confirm with . or Enter, or press ? or * to list all spells.
You erupt in a blast of force!
The mystic blast hits the water moccasin!!
You kill the water moccasin!
Vehumet accepts your kill.
You feel your power returning.
The mystic blast hits the black mamba.
The black mamba is moderately wounded.
The roots lose their grip on the black mamba.
The black mamba is knocked back by the mystic blast.
The black mamba violently stops moving!
The black mamba is heavily wounded.
The frozen ramparts melt away.
You feel sick.
Unknown command.
Aiming: Fastroot
Press: ? - help, Shift-Dir - straight line, f - black mamba
Aim: a black mamba (heavily wounded)
The roots erupt in riotous growth!
Roots grab the black mamba.
The grasping roots constrict the black mamba.
You feel sick.
You hear an angry hiss.
The black mamba struggles to escape constriction.
Unknown command.
Unknown command.
Unknown command.
It was a potion of might.
You feel very mighty all of a sudden.
The grasping roots constrict the black mamba!
You feel sick.
You are no longer poisoned.
The roots release their grip on the black mamba.
The black mamba bites you.
You die...

.. .## #..# ##... ###... ##....
.P ### ##.††.# ### #... ###
##.#..##.....###@##....########.P
...............†.S...............
..............(.†................
.................................
...................~≈..>.........
#.......P.#..#P..~~~~≈..†...##P#
#.......##.###..~≈≈≈≈~~≈≈~#####
##.<.....### #..~~≈≈≈≈≈≈~~###
#...♣♣..♣ ##.≈≈≈≈≈≈≈≈...#


You could see a black mamba.

Vanquished Creatures
  Josephine (D:10)
  2 two-headed ogres
  Nergalle (D:10)
  An oklob plant (Lair:2)
  2 orc knights
  A manticore (D:9)
  5 black mambas
  5 cane toads
  Maggie (D:7)
  Psyche (D:10)
  A komodo dragon (Lair:2)
  A meliai (D:10)
  4 blink frogs (Lair:1)
  A hornet (D:9)
  A vampire (D:9)
  18 yaks
  5 wraiths (D:10)
  A wyvern (D:9)
  3 basilisks
  3 shadows (D:10)
  6 vampire mosquitoes (D:10)
  An acid dragon (D:10)
  11 water moccasins
  An ice beast (D:7)
  3 black bears
  4 ogres (D:6)
  12 orc warriors
  4 centaurs
  4 phantoms
  4 kobold brigands
  13 bullfrogs
  2 gnoll sergeants
  5 scorpions
  7 wights
  3 killer bees (D:7)
  An electric eel (Lair:3)
  A howler monkey (D:8)
  2 hounds
  2 jellies (D:7)
  3 orc priests
  Jessica (D:3)
  12 iguanas
  Ijyb (D:3)
  5 hell rats (Lair:2)
  5 orc wizards
  12 mummies (Ossuary)
  9 adders
  7 gnolls
  3 shadow imps
  3 white imps
  A dart slug (D:1)
  31 orcs
  7 endoplasms
  3 giant cockroaches (D:1)
  10 goblins
  8 hobgoblins
  3 jackals (D:5)
  7 quokkas
  12 ball pythons
  6 bats
  3 frilled lizards
  2 gnoll skeletons (Ossuary)
  A goblin skeleton (Ossuary)
  19 kobolds
  4 kobold skeletons (Ossuary)
  An orc skeleton (Ossuary)
  3 rats
  11 rat skeletons (Ossuary)
  A butterfly (D:6)
338 creatures vanquished.

Vanquished Creatures (collateral kills)
  A ball lightning (D:10)
1 creature vanquished.

Vanquished Creatures (others)
  An ufetubus (D:5)
  80 ball lightnings
  5 fungi
  26 plants
112 creatures vanquished.

Grand Total: 451 creatures vanquished

Notes
Turn   | Place    | Note
-------+----------+-------------------------------------------
     0 | D:1      | gruber the Tengu Conjurer began the quest for the Orb.
     0 | D:1      | Reached XP level 1. HP: 10/10 MP: 4/4
   280 | D:1      | Reached XP level 2. HP: 15/15 MP: 3/6
   380 | D:1      | Reached skill level 6 in Conjurations
   986 | D:2      | Reached XP level 3. HP: 19/19 MP: 0/7
   989 | D:2      | Learned a level 2 spell: Searing Ray
  1185 | D:2      | Reached skill level 7 in Conjurations
  1401 | D:2      | Reached XP level 4. HP: 24/24 MP: 3/8
  2107 | D:3      | Found a faded altar of an unknown god.
  2265 | D:3      | Noticed Jessica
  2268 | D:3      | Killed Jessica
  2269 | D:3      | Gained mutation: Your magical nature lets you fly swiftly
                  | and evasively. [Tengu growth]
  2269 | D:3      | Reached XP level 5. HP: 28/28 MP: 5/9
  2345 | D:3      | Noticed Ijyb
  2352 | D:3      | Paralysed by Ijyb for 3 turns
  2358 | D:3      | Paralysed by Ijyb for 2 turns
  2361 | D:3      | Killed Ijyb
  2362 | D:3      | Reached skill level 8 in Conjurations
  2793 | D:3      | Found a burning altar of Makhleb.
  2873 | D:4      | Found Gicvuah's Armour Shoppe.
  2880 | D:4      | Learned a level 4 spell: Iskenderun's Mystic Blast
  2949 | D:4      | Found Gidot's Magic Scroll Shoppe.
  2955 | D:4      | Found a staircase to the Ecumenical Temple.
  3125 | D:4      | Reached XP level 6. HP: 32/32 MP: 7/11
  3145 | Temple   | Entered the Ecumenical Temple
  3156 | Temple   | Became a worshipper of Vehumet
  3367 | D:4      | Found Lenubbahuv's Weapon Shoppe.
  3383 | D:4      | Bought a +1 rapier of electrocution for 204 gold pieces
  3449 | D:4      | Reached skill level 9 in Conjurations
  3566 | D:4      | Noticed a black bear
  3572 | D:4      | Killed a black bear
  3827 | D:4      | Found Xoampext's Weapon Boutique.
  3886 | D:5      | Entered Level 5 of the Dungeon
  3896 | D:4      | Reached XP level 7. HP: 22/36 MP: 8/12
  4268 | D:5      | Reached skill level 10 in Conjurations
  4294 | D:5      | Reached XP level 8. HP: 19/41 MP: 1/13
  4299 | D:5      | Reached * piety under Vehumet
  4299 | D:5      | Offered knowledge of Freeze by Vehumet.
  4300 | D:5      | Reached skill level 11 in Conjurations
  4308 | D:5      | Found a sand-covered staircase.
  4321 | Ossuary  | Entered an ossuary
  4873 | Ossuary  | Offered knowledge of Kiss of Death by Vehumet.
  4874 | Ossuary  | Reached skill level 1 in Fighting
  4993 | Ossuary  | Reached ** piety under Vehumet
  5615 | D:6      | Reached skill level 12 in Conjurations
  6145 | D:6      | Reached skill level 5 in Dodging
  6145 | D:6      | Reached XP level 9. HP: 52/52 MP: 8/16
  6515 | D:6      | Found a shimmering altar of Xom.
  7118 | D:7      | Offered knowledge of Frozen Ramparts by Vehumet.
  7124 | D:7      | Learned a level 3 spell: Frozen Ramparts
  7202 | D:7      | Noticed Maggie
  7212 | D:7      | Killed Maggie
  7305 | D:7      | Found a flagged portal.
  7372 | Bailey   | Entered a bailey
  7410 | Bailey   | Learned a level 3 spell: Mephitic Cloud
  7582 | Bailey   | Reached *** piety under Vehumet
  7810 | Bailey   | Reached skill level 5 in Spellcasting
  7904 | Bailey   | Reached XP level 10. HP: 45/57 MP: 3/18
  8081 | Bailey   | Noticed an orc knight
  8087 | Bailey   | Offered knowledge of Inner Flame by Vehumet.
  8097 | Bailey   | Killed an orc knight
  8098 | Bailey   | Reached skill level 5 in Stealth
  8431 | D:7      | Found a glowing golden altar of the Shining One.
  9057 | D:8      | Reached skill level 5 in Armour
  9331 | D:7      | Reached skill level 1 in Short Blades
  9525 | D:7      | Reached **** piety under Vehumet
  9710 | D:8      | Found a staircase to the Lair.
 10136 | D:8      | Reached skill level 1 in Shields
 10572 | D:9      | Reached XP level 11. HP: 61/61 MP: 16/19
 10783 | D:9      | Found a transporter.
 10787 | D:9      | Found a bloodstained altar of Trog.
 10807 | D:9      | Offered knowledge of Kindle Blastsparks by Vehumet.
 10925 | D:9      | Noticed a two-headed ogre
 10935 | D:9      | Killed a two-headed ogre
 11045 | D:9      | Reached skill level 5 in Shields
 11417 | D:9      | Learned a level 6 spell: Conjure Ball Lightning
 11526 | D:9      | Noticed a cyan ugly thing
 11528 | D:9      | Noticed a deep troll
 11529 | D:9      | a jumping spider changed into a death drake
 11529 | D:9      | Noticed a death drake (shapeshifter)
 11531 | D:9      | Found a transporter.
 11531 | D:9      | Noticed a deep elf pyromancer
 11538 | D:9      | a death drake changed into a dream sheep
 11630 | D:9      | a tarantella changed into a swamp dragon
 11630 | D:9      | Noticed a swamp dragon (shapeshifter)
 11672 | D:9      | Noticed a mana viper
 11675 | D:9      | Noticed a manticore
 11688 | D:9      | a mana viper changed into an elephant
 11725 | D:9      | Killed a manticore
 11726 | D:9      | Reached skill level 5 in Air Magic
 11879 | D:9      | a swamp worm changed into a swamp dragon
 11879 | D:9      | Noticed a swamp dragon (shapeshifter)
 11882 | D:9      | a swamp dragon changed into a water nymph
 12455 | D:10     | Entered Level 10 of the Dungeon
 13532 | D:10     | Noticed a two-headed ogre
 13541 | D:10     | Noticed Nergalle
 13542 | D:10     | Killed a two-headed ogre
 13580 | D:10     | Reached skill level 10 in Air Magic
 13661 | D:9      | Noticed a manticore
 13788 | D:10     | Noticed Josephine
 13918 | D:10     | Killed Nergalle
 13951 | D:9      | a swamp worm changed into a lindwurm
 13951 | D:9      | Noticed a lindwurm (shapeshifter)
 13988 | D:9      | a lindwurm changed into a deep troll
 13988 | D:9      | Noticed a deep troll (shapeshifter)
 14010 | D:9      | a deep troll changed into a death drake
 14010 | D:9      | Noticed a death drake (shapeshifter)
 14043 | D:9      | a death drake changed into a floating eye
 14214 | D:10     | Reached XP level 12. HP: 66/66 MP: 13/22
 14393 | D:10     | Noticed Psyche
 14397 | D:10     | Killed Psyche
 14804 | D:10     | Reached skill level 5 in Fighting
 14986 | D:10     | Killed Josephine
 14987 | D:10     | Reached skill level 13 in Conjurations
 15227 | Lair:1   | Entered Level 1 of the Lair of Beasts
 15619 | Lair:1   | Reached skill level 14 in Conjurations
 16252 | Lair:2   | Noticed kae's ghost (novice DrTm)
 16391 | Lair:2   | Reached skill level 15 in Conjurations
 16871 | Lair:2   | Found a blossoming altar of Fedhas.
 17410 | Lair:2   | Found a transporter.
 17413 | Lair:2   | Found a transporter.
 17418 | Lair:2   | Found a bloodstained altar of Trog.
 17895 | Lair:3   | HP: 3/68 [poisoned by a black mamba]
 17895 | Lair:3   | Slain by a black mamba

Illustrated notes

Levels and vault maps discovered:
D:1:      mrwooster_arrival_statue_2, layout_basic
D:2:      layout_rooms, minmay_distorted
D:3:      layout_loops_cross, pf_just_have_faith,
          shapermc_ecumenical_altar_acropolis, uniq_jessica, uniq_ijyb
D:4:      layout_loops_ring, minmay_temple_entry_overgrown, serial_shops,
          nicolae_stop_n_shop_1, nicolae_shop_hallway_stairs, shop_coins,
          nicolae_shop_behind_doors, grunt_decor_cap,
          chequers_hall_statues_wall_a, minmay_misc_feat_iff
D:5:      layout_rooms, nicolae_ossuary_entry_monument
D:6:      layout_layer_cave, xom_butterflies, wad_floor_pattern_2, st_stairs_14
D:7:      layout_loops_ring, mainiacjoe_overflow_brackets, enter_bailey_5,
          serial_co_window_serial, co_window_of_opportunity_a,
          co_window_corner_a, co_window_of_opportunity_a, co_window_paths_a,
          co_window_of_opportunity_a, co_window_broadway_a, co_window_2corner,
          co_window_paths_c, co_window_4corner_b, glass_columns_c,
          glass_columns_b, glass_columns_a, uniq_maggie
D:8:      layout_cave_pods, minmay_lair_entry_grove
D:9:      gammafunk_sealed_arena, layout_layer_cave, bloody_trog
D:10:     layout_grid_maze, minivault_20, minmay_lizard_king, uniq_nergalle,
          uniq_josephine, uniq_psyche
Temple:   nicolae_temple_no_exploring_needed
Lair:1:   layout_roguey
Lair:2:   layout_regular_city, gammafunk_ghost_wrathful_warriors,
          hangedman_tree_tricks, chequers_serial_rivers_micro_c
Lair:3:   layout_long_grid, nicolae_swamp_entry_splash_gauntlet,
          minmay_snake_entry_six_corridors, serial_bayou, serial_bayou_crossing,
          serial_bayou_pond_e, serial_bayou_lake_a, serial_bayou_pond_e,
          infiniplex_staircase_pool

Skill      XL: |  1  2  3  4  5  6  7  8  9 10 11 12 |
---------------+-------------------------------------+-----
Conjurations   | 6 7 8 9 10 12 15 | 15.0
Spellcasting   | 3 4 5 6 7 |  7.0
Dodging        | 4 5 7 9 |  9.6
Fighting       | 4 5 |  5.0
Ice Magic      | 2 |  2.6
Armour         | 2 6 |  6.3
Air Magic      | 4 10 | 10.2
Stealth        | 5 |  5.3
Short Blades   | 4 |  4.0
Shields        | 2 5 |  5.3

Action                   |  1- 3 |  4- 6 |  7- 9 | 10-12 || total
-------------------------+-------+-------+-------+-------++-------
Melee: Unarmed           |     6 |       |       |       ||     6
       Kick              |     1 |     3 |    29 |    36 ||    69
       Peck              |     1 |     1 |    18 |    29 ||    49
       Spear             |       |     4 |       |       ||     4
       Rapier            |       |     8 |    83 |   112 ||   203
       Punch             |       |     2 |     1 |       ||     3
 Cast: Magic Dart        |    65 |    62 |    99 |    91 ||   317
       Searing Ray       |       |    10 |    39 |    67 ||   116
       Iskenderun's Myst |       |       |     3 |    72 ||    75
       Mephitic Cloud    |       |       |     5 |     6 ||    11
       Frozen Ramparts   |       |       |     1 |    10 ||    11
       Conjure Ball Ligh |       |       |       |    29 ||    29
Evoke: Wand              |       |     1 |     3 |     9 ||    13
  Use: Potion            |       |       |     2 |     1 ||     3
       Scroll            |       |       |       |    14 ||    14
 Stab: Sleeping          |       |     1 |     6 |     2 ||     9
Armor: Robe              |     4 |    15 |    21 |       ||    40
       Skin              |       |       |     1 |       ||     1
       Ring mail         |       |       |       |   100 ||   100
Dodge: Dodged            |    10 |    24 |    95 |   171 ||   300
Block: Buckler           |       |       |       |    22 ||    22

Table legend: (Time is in decaauts)
 A = Elapsed time spent in this place.
 B = Non-inter-level travel time spent in this place.
 C = Inter-level travel time spent in this place.
 D = Time resting spent in this place.
 E = Time spent auto-exploring this place.
 F = Levels seen in this place.
 G = Mean time per level.
                   A        B        C        D        E       F      G
               +--------+--------+--------+--------+--------+-----+--------+
         Total |  17115 |  16380 |    735 |   1087 |  12906 |  16 | 1069.7 |
       Dungeon |  13082 |  12406 |    676 |    833 |   9843 |  10 | 1308.2 |
        Temple |     17 |     10 |      7 |      0 |      0 |   1 |   17.0 |
          Lair |   2521 |   2470 |     51 |    203 |   1974 |   3 |  840.3 |
       Ossuary |    707 |    707 |      0 |      0 |    555 |   1 |  707.0 |
        Bailey |    788 |    788 |      0 |     51 |    533 |   1 |  788.0 |
               +--------+--------+--------+--------+--------+-----+--------+

Top non-repeatable levels by time:
     D:9: 2459 daAuts
    D:10: 1935 daAuts
     D:7: 1722 daAuts
     D:6: 1372 daAuts
  Lair:2: 1341 daAuts
     D:4: 1133 daAuts
     D:8: 1024 daAuts
     D:3: 993 daAuts
     D:1: 977 daAuts
  Lair:1: 956 daAuts
     D:2: 864 daAuts
  Bailey: 788 daAuts
 Ossuary: 707 daAuts
     D:5: 598 daAuts
  Lair:3: 223 daAuts
